Map: Lost and Found LE

Players

Blamezerg - Winner!

  • Race: Zerg Zerg
  • League: Master
  • Spawn Location: 1:00

SAMCHI

  • Race: Terran Terran
  • League: Master
  • Spawn Location: 7:00

VOD

Have the link to the VOD?

Description

Time

  • Played on: June 22, 2018, 3:27 a.m.
  • Length: 8:30
Show
View Real Time Build Order
Export as new Build Order

Blamezerg Zerg - Winner!

Build Orders: Pool First 

Get SALT Encoding   

  12  0:01  Drone  
  13  0:13  Overlord  
  13  0:19  Drone  
  14  0:32  Drone x2  
  16  0:37  Drone  
  17  0:46  Spawning Pool  
  17  0:48  Drone  
  17  0:56  Drone  
  18  1:12  Hatchery  
  18  1:13  Extractor  
  18  1:15  Drone  
  17  1:19  Drone  
  18  1:28  Drone  
  19  1:36  Roach Warren  
  18  1:40  Queen  
  18  1:44  Zergling x2  
  21  1:50  Drone  
  22  2:01  Overlord  
  22  2:18  Queen  
  22  2:22  Roach x2  
  28  2:25  Roach  
  28  2:27  Queen  
  32  2:38  Drone x2  
  34  2:49  Overlord  
  34  2:50  Drone x2  
  36  2:56  Lair  
  36  3:06  Overlord  
  36  3:09  Drone  
  36  3:10  Drone x2  
  39  3:18  Queen  
  37  3:44  Drone x5  
  37  3:45  Drone x5  
  45  4:03  Glial Reconstitution  
  45  4:04  Hatchery  
  45  4:05  Evolution Chamber  
  45  4:06  Extractor  
  45  4:07  Drone  
  45  4:08  Drone, Extractor  
  43  4:10  Drone  
  43  4:13  Drone  
  43  4:14  Drone  
  46  4:17  Drone  
  46  4:20  Overlord  
  47  4:24  Drone x3  
  47  4:26  Extractor  
  49  4:37  Spire  
  48  4:39  Drone  
  48  4:40  Drone x2  
  48  4:41  Drone  
  48  4:42  Drone  
  53  4:47  Queen  
  53  4:50  Overlord  
  55  4:57  Zerg Ground Armor Level 1  
  55  5:04  Roach  
  55  5:05  Roach  
  59  5:08  Overlord x2  
  59  5:10  Roach  
  59  5:12  Roach  
  63  5:23  Queen  
  63  5:25  Drone  
  63  5:26  Drone x4  
  70  5:30  Roach x2  
  70  5:33  Roach  
  78  5:35  Roach  
  74  5:55  Drone x10  
  82  6:04  Drone  
  82  6:05  Drone x6, Metabolic Boost  
  82  6:11  Baneling Nest, Evolution Chamber  
  88  6:17  Overlord  
  88  6:18  Overlord  
  87  6:23  Corruptor  
  89  6:35  Overlord x3  
  89  6:37  Roach  
  89  6:38  Roach x5  
  101  6:40  Corruptor  
  101  6:43  Corruptor  
  105  6:51  Overlord  
  105  7:04  Zergling x4  
  105  7:05  Centrifical Hooks  
  107  7:10  Hatchery, Drone  
  107  7:16  Hatchery  
  104  7:26  Ravager x4  
  104  7:27  Zergling x2  
  104  7:28  Zergling x22  
  117  7:46  Zergling x2  
  117  7:47  Zergling x16  
  119  8:08  Drone  
  119  8:09  Drone x6  
Show
View Real Time Build Order
Export as new Build Order

SAMCHI Terran 

Build Orders: Reaper Expand, MMM Bio 

Get SALT Encoding   

  12  0:01  SCV  
  13  0:13  SCV  
  14  0:17  Supply Depot  
  14  0:25  SCV  
  15  0:39  SCV  
  15  0:40  Barracks  
  16  0:45  Refinery  
  16  0:51  SCV  
  17  1:03  SCV  
  18  1:15  SCV  
  19  1:28  Reaper  
  19  1:29  Orbital Command  
  20  1:43  Command Center  
  20  1:55  Barracks  
  20  1:56  SCV  
  20  2:01  Barracks Reactor  
  21  2:09  SCV  
  21  2:12  Supply Depot  
  22  2:16  Refinery  
  22  2:24  SCV  
  22  2:28  Factory  
  23  2:36  Marine  
  24  2:37  Marine  
  24  2:40  SCV  
  26  2:44  Barracks Tech Lab  
  26  2:52  SCV  
  26  2:54  Marine  
  26  2:55  Marine  
  29  3:00  Orbital Command  
  29  3:06  SCV  
  29  3:10  Stimpack  
  30  3:16  Marine x2  
  30  3:18  SCV  
  33  3:24  Starport  
  31  3:38  SCV x2  
  31  3:41  Marine x2  
  32  3:42  Factory Reactor  
  31  3:49  Marine  
  32  3:57  Bunker  
  32  3:58  Marine  
  32  4:00  SCV x2  
  35  4:10  Marine x2  
  35  4:12  SCV x2  
  35  4:16  Marine  
  40  4:19  Supply Depot  
  40  4:25  Medivac x2  
  44  4:32  Marine x2, Factory Tech Lab  
  46  4:39  Marine, SCV x2  
  49  4:45  Supply Depot  
  49  4:50  Marine x2  
  49  4:51  SCV  
  52  4:54  SCV  
  52  4:57  Marine  
  54  5:03  SCV  
  54  5:04  Siege Tank  
  58  5:13  Engineering Bay  
  58  5:14  Engineering Bay  
  58  5:17  Medivac  
  58  5:20  SCV x2  
  62  5:22  Supply Depot, Marine  
  62  5:23  Marine x2  
  65  5:30  Combat Shields  
  65  5:33  SCV x2  
  67  5:47  Marine x3  
  65  5:55  Siege Tank  
  65  5:56  Medivac  
  66  6:01  Refinery x2  
  66  6:03  SCV x2  
  68  6:10  Marine  
  68  6:11  Marine x2  
  71  6:12  Terran Infantry Weapons Level 1  
  71  6:15  SCV  
  72  6:19  Supply Depot  
  72  6:21  SCV  
  73  6:27  SCV  
  73  6:28  Barracks  
  73  6:29  Barracks  
  74  6:38  Marauder, Marine x2  
  78  6:41  SCV x2  
  78  6:45  Supply Depot  
  80  6:49  Supply Depot x2, Concussive Shells  
  80  6:52  Siege Tank  
  80  6:53  SCV  
  84  6:56  SCV  
  85  7:05  SCV  
  86  7:10  Command Center  
  86  7:25  Marauder, Marine x2  
  87  7:39  Siege Tank  
  87  7:40  Barracks Tech Lab x2  
  87  7:43  Medivac x2, Marine x2  
  96  7:44  Armory  
  96  7:46  Marauder  
  85  8:00  Marine  
  85  8:01  Marine  
  85  8:03  Marauder x2  
  85  8:04  SCV  
  85  8:05  SCV  
  93  8:08  Marauder  
Tags
 
Add a new tag
Caveats
  • Supply blocks, unpowered buildings, or Contaminate may cause inaccurate times.
  • Supply counts are checked every 10 seconds.